Map: Backwater LE

Players

Snute - Winner!

  • Race: Zerg Zerg
  • Spawn Location: 5:00

Gerald

  • Race: Protoss Protoss
  • Spawn Location: 11:00

Event: WCS Leipzig 2018

VOD

Have the link to the VOD?

Description

Time

  • Played on: Jan. 26, 2018, 7:06 a.m.
  • Length: 8:51

All games in this series

Show
View Real Time Build Order
Export as new Build Order

Snute Zerg - Winner!

Build Orders: Hatch First 

Get SALT Encoding   

  12  0:00  Drone  
  13  0:12  Overlord  
  13  0:16  Drone  
  14  0:30  Drone x2  
  14  0:34  Drone  
  17  0:51  Hatchery  
  17  0:53  Drone  
  17  0:57  Drone  
  17  0:59  Extractor  
  17  1:13  Spawning Pool  
  17  1:17  Drone  
  17  1:20  Drone  
  18  1:28  Drone  
  19  1:38  Overlord  
  19  1:49  Drone  
  20  1:59  Queen  
  20  2:01  Zergling x2, Metabolic Boost  
  23  2:08  Queen  
  25  2:11  Drone  
  25  2:14  Drone  
  27  2:17  Drone  
  29  2:22  Drone  
  29  2:26  Drone  
  30  2:39  Hatchery  
  30  2:43  Zergling x2  
  30  2:44  Evolution Chamber  
  29  2:48  Overlord  
  29  2:53  Zergling x4  
  29  2:56  Zergling x2  
  32  3:04  Zergling x4  
  34  3:13  Zergling x8  
  37  3:25  Drone x3  
  39  3:31  Overlord  
  39  3:34  Drone x2  
  39  3:41  Drone, Overlord  
  41  3:42  Drone  
  41  3:43  Drone  
  41  3:47  Spore Crawler  
  42  3:52  Drone  
  42  3:53  Drone  
  44  4:04  Drone  
  44  4:05  Drone x3  
  44  4:07  Drone x2  
  50  4:11  Spore Crawler  
  50  4:12  Drone x2  
  51  4:20  Overlord  
  51  4:22  Drone  
  51  4:23  Drone x3  
  55  4:28  Drone x3  
  55  4:29  Drone  
  57  4:34  Drone x2  
  56  4:39  Lair  
  56  4:41  Drone  
  56  4:42  Extractor  
  56  4:43  Extractor  
  56  4:44  Spore Crawler  
  54  4:46  Drone x2  
  54  4:52  Zerg Missile Weapons Level 1, Roach Warren  
  55  4:58  Drone x4, Extractor  
  55  4:59  Drone  
  56  5:02  Overlord  
  57  5:07  Overlord x2  
  57  5:10  Overlord  
  55  5:22  Drone  
  55  5:23  Drone  
  56  5:34  Roach x4  
  56  5:35  Roach x5  
  74  5:41  Drone x3  
  74  5:42  Extractor  
  76  5:43  Drone x2  
  76  5:46  Extractor  
  77  5:53  Glial Reconstitution  
  77  5:59  Drone x2, Overlord  
  77  6:02  Drone  
  80  6:08  Drone x4  
  84  6:23  Drone  
  84  6:24  Drone  
  83  6:27  Drone x6  
  83  6:32  Hydralisk Den  
  86  6:38  Roach  
  88  6:43  Overlord  
  86  6:53  Drone x4  
  85  6:55  Roach x3  
  85  7:00  Overlord  
  88  7:04  Muscular Augments  
  88  7:05  Hydralisk x3  
  88  7:07  Lurker Den  
  93  7:12  Hatchery  
  93  7:13  Hydralisk x2  
  96  7:18  Hydralisk x2  
  99  7:23  Hydralisk  
  99  7:25  Overlord x2  
  99  7:29  Hydralisk  
  103  7:33  Hydralisk  
  103  7:35  Overseer  
  103  7:36  Zergling x2  
  107  7:37  Zergling x14  
  113  7:52  Zergling x10  
  113  7:55  Hydralisk  
  120  8:01  Ravager x2  
  122  8:09  Hydralisk x4  
  130  8:18  Overlord  
  128  8:25  Zergling x10  
Show
View Real Time Build Order
Export as new Build Order

Gerald Protoss 

Build Orders: 1 Gate Expand, Oracle Opening, Phoenix Opening 

Get SALT Encoding   

  12  0:00  Probe  
  13  0:12  Probe  
  14  0:20  Pylon  
  14  0:24  Probe  
  15  0:38  Probe (Chrono Boost)  
  16  0:44  Gateway  
  16  0:47  Probe (Chrono Boost)  
  17  0:52  Assimilator  
  17  0:53  Probe  
  18  1:05  Probe  
  19  1:18  Probe  
  20  1:25  Nexus  
  20  1:30  Probe  
  21  1:39  Cybernetics Core  
  21  1:42  Probe  
  22  1:52  Assimilator  
  22  1:53  Pylon  
  22  1:56  Probe  
  23  2:11  Probe  
  23  2:14  Adept (Chrono Boost)  
  26  2:23  Probe  
  26  2:24  Stargate  
  27  2:33  Adept (Chrono Boost)  
  27  2:35  Probe  
  30  2:38  Probe  
  30  2:40  Warp Gate  
  30  2:47  Probe  
  30  2:50  Probe  
  32  2:54  Adept (Chrono Boost)  
  34  2:59  Probe  
  34  3:03  Probe  
  36  3:11  Probe, Oracle (Chrono Boost)  
  37  3:15  Probe  
  41  3:23  Probe  
  42  3:27  Probe  
  42  3:33  Twilight Council  
  39  3:36  Probe  
  39  3:37  Gateway  
  39  3:39  Probe  
  39  3:40  Pylon  
  41  3:48  Probe, Phoenix (Chrono Boost)  
  42  3:51  Probe  
  42  3:55  Pylon  
  45  4:00  Probe, Adept  
  48  4:03  Probe  
  48  4:06  Resonating Glaives (Chrono Boost)  
  49  4:12  Probe  
  49  4:15  Probe  
  51  4:21  Gateway  
  51  4:22  Gateway  
  49  4:24  Probe  
  49  4:27  Probe  
  43  4:36  Probe  
  39  4:39  Probe (Chrono Boost)  
  39  4:44  Gateway  
  39  4:45  Gateway  
  40  4:51  Probe (Chrono Boost)  
  42  4:53  Probe (Chrono Boost)  
  43  5:00  Probe (Chrono Boost)  
  43  5:03  Probe (Chrono Boost), Adept  
  43  5:04  Adept  
  43  5:06  Probe  
  48  5:12  Probe  
  50  5:18  Probe  
  51  5:22  Pylon  
  51  5:24  Pylon  
  52  5:31  Adept x2  
  52  5:34  Pylon  
  55  5:36  Pylon  
  55  5:37  Adept x2  
  55  5:39  Probe  
  60  5:44  Probe  
  61  5:50  Adept x3  
  61  5:51  Probe  
  69  6:06  Nexus  
  69  6:07  Probe  
  69  6:12  Probe  
  70  6:19  Probe  
  70  6:24  Probe  
  68  6:31  Probe  
  65  6:36  Probe, Robotics Facility  
  65  6:38  Robotics Facility  
  66  6:41  Assimilator  
  66  6:43  Probe  
  65  6:48  Probe  
  66  6:55  Probe  
  66  7:00  Probe  
  62  7:07  Probe, Assimilator  
  63  7:11  Sentry  
  63  7:12  Stalker x3, Sentry x2  
  63  7:13  Probe  
  74  7:19  Probe  
  74  7:22  Immortal (Chrono Boost), Warp Prism (Chrono Boost)  
  73  7:24  Probe  
  73  7:25  Probe  
  79  7:30  Gateway  
  79  7:31  Gateway  
  79  7:32  Probe  
  80  7:38  Probe  
  80  7:40  Gateway  
  80  7:41  Forge  
  81  7:47  Probe  
  81  7:50  Probe  
  83  7:51  Observer (Chrono Boost)  
  83  7:52  Robotics Bay  
  83  7:53  Probe, Assimilator  
  83  7:56  Assimilator  
  83  7:57  Immortal (Chrono Boost)  
  85  8:05  Stalker x2  
  93  8:09  Cybernetics Core  
  93  8:11  Stalker  
  95  8:23  Zealot x3  
  98  8:30  Probe  
  95  8:36  Pylon  
  95  8:37  Pylon  
  95  8:38  Pylon  
Tags
 
Add a new tag
Caveats
  • Supply blocks, unpowered buildings, or Contaminate may cause inaccurate times.
  • Supply counts are checked every 10 seconds.